 Dungeon Crawl Stone Soup version 0.16.0-5-g717f7e7 (console) character file.

10 gw the Gusty (level 2, -1/22 HPs)
             Began as a Draconian Air Elementalist on Mar 14, 2015.
             Succumbed to a kobold's poison
             ... on level 1 of the Dungeon.
             The game lasted 00:00:23 (483 turns).

gw the Gusty (Draconian Air Elementalist)            Turns: 483, Time: 00:00:23

Health: -1/22      AC:  4    Str: 10    XL:     2   Next: 10%
Magic:  0/4        EV: 12    Int: 15    God:
Gold:   14         SH:  0    Dex: 11    Spells: 3 memorised, 0 levels left

rFire  . . .     SeeInvis .     b - -3 short sword (curse)
rCold  . . .     Clarity  .     (armour unavailable)
rNeg   . . .     SustAb   .     (no shield)
rPois  .         Gourm    .     (helmet restricted)
rElec  .         Spirit   .     (no cloak)
rCorr  .         Warding  .     (no gloves)
rMut   .         Stasis   .     (no boots)
MR     .....                    (no amulet)
Stlth  ++........               (no ring)
                                (no ring)

@: lethally poisoned (-1 -> -31), repel missiles, not resistant to hostile
enchantments, unstealthy
A: unfitting armour, cold-blooded, AC +4
a: no special abilities


You were on level 1 of the Dungeon.
You were full.

You visited 1 branch of the dungeon, and saw 1 of its levels.

You collected 14 gold pieces.

Inventory:

Hand weapons
 b - a cursed -3 short sword (weapon)
Missiles
 a - 3 stones (quivered)
Books
 d - a book of Air

   Spells                             Type                      Level
   a - Shock                          Conjuration/Air              1
   b - Swiftness                      Charms/Air                   2
   c - Repel Missiles                 Charms/Air                   2
   d - Flight                         Charms/Air                   3
   e - Static Discharge               Conjuration/Air              3
   f - Lightning Bolt                 Conjuration/Air              5


   Skills:
 + Level 0.9 Fighting
 + Level 1.8 Dodging
 - Level 1.7 Stealth
 * Level 2.2 Spellcasting
 - Level 1.0 Conjurations
 + Level 3.2 Air Magic


You couldn't memorise any spells.
You knew the following spells:

 Your Spells              Type           Power        Failure   Level  Hunger
a - Shock                 Conj/Air       #...         12%         1    #......
b - Swiftness             Chrm/Air       #.......     17%         2    ###....
c - Repel Missiles        Chrm/Air       #.....       17%         2    ###....


Dungeon Overview and Level Annotations

Branches:
Dungeon (1/15)

Altars:


Innate Abilities, Weirdness & Mutations

Your plain brown scales are hard (AC +4).
Your body does not fit into most forms of armour.
Your cold-blooded metabolism reacts poorly to cold.


Message History

Unknown command.
Casting: Repel Missiles
Confirm with . or Enter, or press ? or * to list all spells.
Aiming: Shock
Press: ? - help, Shift-Dir - straight line, f - kobold
Aim: a kobold, wielding a short sword of venom, wearing a ring mail and wearing a peridot ring The zap hits the kobold.
You kill the kobold!
The zap hits the hobgoblin.
The hobgoblin is heavily wounded.
The zap hits the hobgoblin.
The hobgoblin is severely wounded.
You feel very sick.
Unknown command.
Unknown command.
Unknown command.
Unknown command.
FLEEEEING!
MOVING TO (8,1)
You die...

..# ####. #.# #. # ###
.###.# ##. ##' #.. ....##
#.. #... #.# ..... #>#
..... #.# ####..# #%#
.......#g# ##.##..# #.#
.........###......######.#
.........d...........%....
........###...#.#######.#
......#(........# #.#
.....######.##### #.. ...#
#.# ### '# #.# #.# #.# #.#


You could see a hobgoblin.

Table legend:
 A = Turns spent in this place as a percentage of turns spent in the entire game.
 B = Non-inter-level travel turns spent in this place as a percentage of non-inter-level travel turns spent in the entire game.
 C = Inter-level travel turns spent in this place as a percentage of turns spent in this place.
 D = Turns resting spent in this place as a percentage of non-inter-level travel turns spent in this place.
 E = Turns spent auto-exploring this place as a percentage of non-inter-level travel turns spent in this place.
 F = Non-inter-level travel turns spent in this place divided by the number of levels of this place that you've seen.
                   A       B       C       D       E      F
               +-------+-------+-------+-------+-------+----------------------
         Total | 100.0 | 100.0 |   0.0 |   3.9 |   1.4 | 557.0
       Dungeon | 100.0 | 100.0 |   0.0 |   3.9 |   1.4 | 557.0
               +-------+-------+-------+-------+-------+----------------------

Table legend:
 A = Kills in this place as a percentage of kills in entire the game.
 B = Kills by you in this place as a percentage of kills by you in the entire game.
 C = Kills by friends in this place as a percentage of kills by friends in the entire game.
 D = Other kills in this place as a percentage of other kills in the entire game.
 E = Experience gained in this place as a percentage of experience gained in the entire game.
 F = Experience gained in this place divided by the number of levels of this place that you have seen.
                   A       B       C       D       E      F
               +-------+-------+-------+-------+-------+----------------------
         Total | 100.0 | 100.0 |  -nan |  -nan | 100.0 |  15.0
       Dungeon | 100.0 | 100.0 |  -nan |  -nan | 100.0 |  15.0
               +-------+-------+-------+-------+-------+----------------------

Vanquished Creatures
  A giant cockroach (D:1)
  3 jackals (D:1)
  2 kobolds (D:1)
  2 bats (D:1)
  A giant gecko (D:1)
9 creatures vanquished.

Notes
Turn   | Place    | Note
--------------------------------------------------------------
     0 | D:1      | gw, the Draconian Air Elementalist, began the quest for the Orb.
     0 | D:1      | Reached XP level 1. HP: 14/14 MP: 3/3
   273 | D:1      | Reached XP level 2. HP: 10/22 MP: 0/4
   451 | D:1      | Learned a level 2 spell: Swiftness
   454 | D:1      | Learned a level 2 spell: Repel Missiles
   482 | D:1      | HP: 1/22 [poisoned by a kobold]
   483 | D:1      | Succumbed to a kobold's poison

Action                   || total
-------------------------++-------
Melee: Short sword       ||    35
Throw: Stone             ||     6
 Cast: Shock             ||    16
       Repel Missiles    ||     2
  Eat: Bread ration      ||     1

Vault maps used:
D:1:      lightli_arrival_statue_moat
